 Dungeon Crawl Stone Soup version 0.21.1-1-g345015f (webtiles) character file.

411 diana the Ducker (level 6, -6/35 HPs)
             Began as a Tengu Gladiator on June 9, 2018.
             Was an Initiate of Gozag.
             Shot with an arrow by a centaur (11 damage)
             ... on level 6 of the Dungeon.
             The game lasted 00:06:43 (3375 turns).

diana the Ducker (Tengu Gladiator)                  Turns: 3375, Time: 00:06:44

Health: -6/35      AC:  3    Str: 14    XL:     6   Next: 90%
Magic:  7/7        EV: 16    Int:  9    God:    Gozag
Gold:   423        SH:  0    Dex: 17    Spells: 5/5 levels left

rFire    . . .     SeeInvis .   a - +0 long sword
rCold    . . .     Gourm    .   (no shield)
rNeg     . . .     Faith    .   b - +0 leather armour
rPois    .         Spirit   .   q - +0 hat {MR+}
rElec    .         Reflect  .   i - scarf {cloud immunity}
rCorr    .         Harm     .   (no gloves)
MR       +....                  (boots unavailable)
Stlth    +.........             (no amulet)
HPRegen  0.11/turn              (no ring)
MPRegen  0.10/turn              (no ring)

@: no status effects
A: beak, talons 3, able to fly 1
a: Fly, Potion Petition, Call Merchant, Bribe Branch, Renounce Religion


You were on level 6 of the Dungeon.
You worshipped Gozag.
Gozag was aware of your devotion.
You were very hungry.

You visited 1 branch of the dungeon, and saw 6 of its levels.

You collected 477 gold pieces.
You paid 54 gold pieces to Gozag.

Inventory:

Hand Weapons
 a - a +0 long sword (weapon)
Missiles
 d - 3 throwing nets (quivered)
Armour
 b - a +0 leather armour (worn)
 c - a +0 hat
 i - a scarf of cloud immunity (worn)
 q - a +0 hat of magic resistance (worn)
Wands
 m - a wand of flame (29)
Scrolls
 e - a scroll of fear {unknown}
 g - 2 scrolls of teleportation {unknown}
 j - a scroll of magic mapping {unknown}
 o - 2 scrolls of identify {unknown}
 p - a scroll of enchant weapon {unknown}
Potions
 h - 4 potions of curing
 k - 2 potions of degeneration {unknown}
 l - a potion of cancellation
 n - a potion of mutation {unknown}
Comestibles
 f - 6 rations


   Skills:
 - Level 2.0 Fighting
 + Level 6.2 Long Blades
 - Level 2.0 Throwing
 + Level 6.2 Dodging


You had 5 spell levels left.
You didn't know any spells.

Dungeon Overview and Level Annotations

Branches:
Dungeon (6/15)             Temple (0/1) D:4

Altars:
Cheibriados
Fedhas
Gozag
Hepliaklqana
Qazlal
Trog
Uskayaw
The Shining One

Annotations:
D:3 2 transporters, Ethylacetat's ghost, amateur DsCK
D:5 Eustachio; Grinder


Innate Abilities, Weirdness & Mutations

You have a beak for a mouth.
You have claws for feet.
You can fly.


Message History

You destroy the hound skeleton!
No target in view!
No target in view!
You now have 423 gold pieces (gained 4).
You found a teleport trap!
f - 6 rations (gained 1)
Found 23 stones.
Found a cloak.
Found a spear.
Found a stone staircase leading down.
A centaur comes into view.
The centaur wields a shortbow.
The centaur shoots an arrow.
The arrow hits you!
You see here an arrow.
The centaur shoots an arrow.
The arrow hits you!
* * * LOW HITPOINT WARNING * * *
The centaur shoots an arrow.
The arrow hits you.
* * * LOW HITPOINT WARNING * * *
You see here 2 arrows.
The centaur shoots an arrow.
The arrow hits you!
You die...
Your body crumbles into a pile of gold.

#. #..^....#
......... #.
#......#...
......... #.
#......####
#...#.... #......##
##........
#.......####......#
#######..........#
#####.....##
#........# $
#.####@..# # #.(.(#
$ #($#.# #.?#..#
#.>##..# ...# #..#
...## ..# c..# ## $
....#


You could see a centaur.

Vanquished Creatures
  Purgy (D:3)
  A bullfrog (D:2)
  A howler monkey (D:4)
  An orc priest (D:4)
  Jessica (D:2)
  2 worker ants
  A hound skeleton (D:6)
  An adder (D:3)
  6 worms
  A dart slug (D:2)
  4 leopard geckos
  7 orcs
  10 bats
  8 giant cockroaches
  7 goblins
  4 hobgoblins
  4 jackals
  A ball python (D:4)
  5 frilled lizards
  7 kobolds
  6 rats
79 creatures vanquished.

Vanquished Creatures (others)
  A plant (D:3)
1 creature vanquished.

Grand Total: 80 creatures vanquished

Notes
Turn   | Place    | Note
-------+----------+-------------------------------------------
     0 | D:1      | diana the Tengu Gladiator began the quest for the Orb.
     0 | D:1      | Reached XP level 1. HP: 12/12 MP: 2/2
    53 | D:1      | Reached XP level 2. HP: 14/17 MP: 3/3
   509 | D:1      | Reached XP level 3. HP: 16/21 MP: 4/4
   694 | D:2      | Found an opulent altar of Gozag.
   849 | D:3      | Found a glowing golden altar of the Shining One.
   850 | D:3      | Found a snail-covered altar of Cheibriados.
   866 | D:3      | Found a blossoming altar of Fedhas.
   952 | D:3      | Noticed Purgy
   965 | D:3      | Found a transporter.
   968 | D:3      | Noticed Ethylacetat's ghost (amateur DsCK)
   979 | D:3      | Found a transporter.
   987 | D:3      | Reached XP level 4. HP: 25/26 MP: 5/5
  1014 | D:2      | Became a worshipper of Gozag Ym Sagoz the Greedy
  1149 | D:3      | Killed Purgy
  1149 | D:3      | Reached skill level 5 in Long Blades
  1149 | D:3      | Reached skill level 5 in Dodging
  1149 | D:3      | Gained mutation: You can fly. [Tengu growth]
  1149 | D:3      | Reached XP level 5. HP: 15/30 MP: 6/6
  1367 | D:3      | Found a faded altar of an unknown god.
  1704 | D:2      | Noticed a hand axe
  1705 | D:2      | Found a hide-covered altar of Uskayaw.
  1715 | D:2      | Noticed a hand axe
  1858 | D:2      | Reached XP level 6. HP: 34/35 MP: 7/7
  1893 | D:2      | Noticed Jessica
  1897 | D:2      | Killed Jessica
  2441 | D:4      | Found a stormy altar of Qazlal.
  2441 | D:4      | Found a bloodstained altar of Trog.
  2502 | D:4      | Found a hazy altar of Hepliaklqana.
  2529 | D:4      | Found a staircase to the Ecumenical Temple.
  3209 | D:5      | Entered Level 5 of the Dungeon
  3209 | D:5      | Noticed Eustachio
  3209 | D:5      | Noticed Grinder
  3375 | D:6      | Shot with an arrow by a centaur

Skill      XL: |  1  2  3  4  5  6 |
---------------+-------------------+-----
Long Blades    | 4 5 6 |  6.2
Dodging        | 4 5 6 |  6.2
Fighting       | |  2.0
Throwing       | |  2.0

Action                   |  1- 3 |  4- 6 || total
-------------------------+-------+-------++-------
Melee: Long sword        |    71 |    89 ||   160
       Kick              |    19 |    36 ||    55
       Peck              |    14 |    29 ||    43
  Use: Potion            |       |     4 ||     4
 Stab: Sleeping          |     1 |       ||     1
       Distracted        |       |     1 ||     1
  Eat: Ration            |       |     2 ||     2
Armor: Leather armour    |    17 |    13 ||    30
Dodge: Dodged            |    54 |    87 ||   141
       Rpst.: Long sword |    15 |    26 ||    41
